 BcadrenCrawl: Boulder Brew version 0.06-744-gf22570f5e0 (webtiles) character file.

Game seed: 10544388388742062138

468 LabCoat the Skirmisher (level 7, -6/89 HPs) Hill Orc Fighter. Began on Mar 7, 2023. Mangled by a crocodile (14 damage) ... on level 2 of the Dungeon. The game lasted 00:08:06 (879 turns).

LabCoat the Skirmisher (Hill Orc Fighter)            Turns: 879, Time: 00:08:07

Health: -6/89      AC:  8    Str: 26    XL:     7 ^: 530
Magic:  7/7        EV:  9    Int:  8    God:
Gold:   105        SH:  7    Dex: 10    Spells: 6/6 levels left

rFire    + . .     Slash    .   a - +0 war axe
rCold    x . .     Pierce   .   c - +0 heater shield
rNeg     . . .     Bludgeon .   b - +0 scale mail
rCorr    . . .     Vision   .   (no helmet)
rPois    .         Gourm    .   (no cloak)
rElec    .         Faith    .   (no gloves)
MR       .....     Spirit   .   k - +0 pair of boots
HPRegen  0.79/turn Reflect  .   e - amulet of regeneration
MPRegen  0.17/turn Harm     .   i - ring of strength
Stlth    ..........             l - ring of fire

@: no status effects
A: soft flesh
a: no special abilities


You were on level 2 of the Dungeon.
You were not hungry.

You visited 1 branch of the dungeon, and saw 2 of its levels.

You collected 105 gold pieces.

Inventory:

Weapons
 a - a +0 war axe (weapon) Shields
 c - a +0 heater shield (shield)
Armour
 b - a +0 scale mail (worn)
 k - a +0 pair of boots (worn)
Jewellery
 e - an amulet of regeneration (around neck)
 i - a ring of strength (left hand)
 j - an uncursed ring of wizardry
 l - a ring of fire (right hand)
 n - an uncursed ring of protection from magic
 o - an uncursed ring of wizardry
 p - a cursed ring of protection from magic {(Curse: Slay-6)}
Scrolls
 d - a scroll of teleportation
 h - a scroll of summoning
 m - 3 scrolls of random uselessness
Potions
 q - a potion of mutation
Comestibles
 f - 4 rations
 g - a chunk of flesh


   Skills:
 * Level 5.5 Fighting
 * Level 5.3 Axes & Hammers
 + Level 4.2 Armour
 + Level 2.3 Dodging
 * Level 4.6 Shields


You had 6 spell levels left.
You didn't know any spells.
Your spell library was empty.

Dungeon Overview and Level Annotations

Branches:
Dungeon (2/8)

Altars:
Gozag Ym Sagoz
Wu Jian


Innate Abilities, Weirdness & Mutations

((Your soft flesh is weak to deep cuts.
Heavy manmade armour will nullify this weakness. (rSlashing-)))


Message History

The crocodile is heavily wounded. (15/26) HP The crocodile bites you (4).
The crocodile bites you (11)!
You hit the crocodile (1).
It resists.
The crocodile is heavily wounded. (14/26) HP The crocodile bites you (10)!
Some of the chunks of flesh in your inventory have rotted away.
You hit the crocodile (1).
It resists.
The crocodile is heavily wounded. (13/26) HP The crocodile bites you (16)!
* * * LOW HITPOINT WARNING * * *
The crocodile bites you (6).
* * * LOW HITPOINT WARNING * * *
You hit the crocodile (1).
It resists.
The crocodile is heavily wounded. (12/26) HP The crocodile bites you (11)!
* * * LOW HITPOINT WARNING * * *
You hit the crocodile but do no damage.
The crocodile is heavily wounded. (12/26) HP You block the crocodile's attack.
The crocodile bites you (14)!
You die...

≈###≈8...8.#≈#PPP≈≈≈#≈≈≈
≈≈≈#.......#≈#<≈P≈≈≈####
#≈...._....≈#.PP≈≈≈# #
###.......###P≈≈PP≈# ##
#≈8...8.###P≈P≈≈P###.
##≈....##.≈P≈≈≈P..≈#≈ #
###.###≈...≈.PP...#≈
.≈.≈##t..≈#<##........##
#.≈.@####.#≈≈≈≈≈.#.#.
###### ##≈≈≈≈≈.≈≈##
#≈≈≈≈÷≈..#≈ #≈≈≈≈≈≈#.##
#≈≈≈≈≈≈#≈##
#≈..≈≈≈≈≈#≈..
≈##≈...≈..##.
#.≈≈....... #PP≈≈≈.#...


You could see a crocodile.

Vanquished Creatures
  2 big kobolds (D:2)
  4 jellies (D:2)
  4 giant cockroaches
  An adder (D:2)
  7 sewer rats (D:2)
  3 cinder newts (D:1)
  2 oozes (D:2)
  A dart slug (D:1)
  2 leopard geckos (D:2)
  8 bats (D:1)
  8 goblins (D:1)
  7 hobgoblins (D:1)
  A bat skeleton (D:2)
  12 kobolds
  6 rats (D:1)
  3 withered plants (D:2)
71 creatures vanquished.

Vanquished Creatures (others)
  2 kobolds (D:2)
  4 plants (D:2)
  17 withered plants (D:2)
23 creatures vanquished.

Grand Total: 94 creatures vanquished

Notes
Turn   | Place    | Note
-------+----------+-------------------------------------------
     0 | D:1      | LabCoat the Hill Orc Fighter began the quest for the Orb.
     0 | D:1      | Reached XP level 1. HP: 29/29 MP: 1/1
    71 | D:1      | Reached XP level 2. HP: 37/39 MP: 2/2
    89 | D:1      | Reached XP level 3. HP: 49/49 MP: 3/3
   150 | D:1      | Reached skill level 1 in Dodging
   274 | D:1      | Reached XP level 4. HP: 57/59 MP: 4/4
   526 | D:2      | Found an ornate altar of the Wu Jian Council.
   557 | D:2      | Reached XP level 5. HP: 69/69 MP: 5/5
   637 | D:2      | Reached XP level 6. HP: 76/79 MP: 6/6
   660 | D:2      | Reached skill level 5 in Fighting
   710 | D:2      | Reached skill level 5 in Axes & Hammers
   781 | D:2      | Reached XP level 7. HP: 43/89 MP: 7/7
   847 | D:2      | Found an opulent altar of Gozag.
   879 | D:2      | Mangled by a crocodile

Illustrated notes

Levels and vault maps discovered:
D:1:      dpeg_arrival_short_road, layout_rooms, first_ration
D:2:      layout_sewer, bcadren_lemuel_inverted_doored_altar,
          grunt_gozag_statues, serial_bayou_pond_c, grunt_ashenzari_visionary
          [grunt_ashenzari_visionary_shoals, grunt_ashenzari_visionary_snake]

Skill      XL: |  1  2  3  4  5  6 |
---------------+-------------------+-----
Axes & Hammers | 3 4 5 |  5.3
Fighting       | 4 5 |  5.5
Dodging        | 1 2 |  2.3
Shields        | 4 |  4.6
Armour         | 4 |  4.2

Action                   |  1- 3 |  4- 6 |  7- 9 || total
-------------------------+-------+-------+-------++-------
Melee: War axe           |    39 |    76 |    16 ||   131
Throw: Stone             |       |    33 |       ||    33
       Skull             |       |    22 |       ||    22
       Rusty metal       |       |    18 |     2 ||    20
       Bone              |       |    18 |     3 ||    21
  Use: Potion            |     1 |       |       ||     1
Armor: Scale mail        |    21 |    49 |     5 ||    75
Dodge: Dodged            |     4 |    21 |     4 ||    29
Block: Heater shield     |    13 |    24 |     7 ||    44
